[Event "Titled Tuesday Blitz March 07 Early 2023"]
[White "Santos Flores, Alberto"]
[Black "Fabris, Alberto"]
[WhiteFideId "3601234"]
[BlackFideId "801348"]
[WhiteElo "2235"]
[BlackElo "2145"]
[Result "1-0"]
[Round "03"]
[TimeControl "180+2"]
[Date "2023.03.07"]
[WhiteClock "0:00:19"]
[BlackClock "0:00:09"]

1. e4 c5 2. Nf3 d6 3. Bb5+ Nd7 4. d4 cxd4 5. Qxd4 Nf6 6. Nc3 g6 7. e5 dxe5 8. Nxe5 Bg7 9. Bg5 O-O 10. O-O-O Qa5 11. Nc4 Qb4 12. a3 Qc5 13. Bxf6 Bxf6 14. Qxc5 Nxc5 15. Nd5 Bf5 16. Nxf6+ exf6 17. Nd6 Be6 18. b4 a6 19. Be2 Na4 20. Nxb7 Rfb8 21. Na5 Nc3 22. Rd2 Rc8 23. Bf3 Rab8 24. Kb2 Na4+ 25. Kb1 Nc3+ 26. Ka1 Rb6 27. Re1 Kg7 28. Re3 Nb5 29. Kb2 Nd6 30. Be2 f5 31. f3 f4 32. Rc3 Rxc3 33. Kxc3 Nb5+ 34. Kb2 h5 35. c4 Nc7 36. c5 Rb8 37. Bc4 g5 38. Bxe6 Nxe6 39. Kc3 g4 40. a4 gxf3 41. gxf3 Ng5 42. Rd3 Re8 43. c6 Re3 44. Rxe3 fxe3 45. c7 e2 46. Kd2 Nxf3+ 47. Kxe2 Nd4+ 48. Kd3 Ne6 49. c8=Q 1-0


[Site "https://www.chess.com"]

[Event "Titled Tuesday Blitz March 07 Early 2023"]
[White "Michalski, Olaf"]
[Black "Osmak, Yuliia"]
[WhiteFideId "1106740"]
[BlackFideId "14101602"]
[WhiteElo "2173"]
[BlackElo "2271"]
[Result "0-1"]
[Round "03"]
[TimeControl "180+2"]
[Date "2023.03.07"]
[WhiteClock "0:00:14"]
[BlackClock "0:01:53"]

1. d4 d5 2. c4 dxc4 3. Nf3 Nf6 4. e3 a6 5. a4 e6 6. Bxc4 c5 7. O-O Nc6 8. dxc5 Bxc5 9. Qxd8+ Kxd8 10. Nc3 Ke7 11. a5 Bb4 12. e4 Nxa5 13. e5 Nxc4 14. exf6+ gxf6 15. Ra4 a5 16. Ne4 Bd7 17. Ra1 Bc6 0-1


[Site "https://www.chess.com"]

[Event "Titled Tuesday Blitz March 07 Early 2023"]
[White "Ardila, Oscar Humberto"]
[Black "Berthier, Hugo"]
[WhiteFideId "4404742"]
[BlackFideId "655864"]
[WhiteElo "1911"]
[BlackElo "2193"]
[Result "0-1"]
[Round "03"]
[TimeControl "180+2"]
[Date "2023.03.07"]
[WhiteClock "0:00:01"]
[BlackClock "0:00:47"]

1. d4 d5 2. Nf3 Nf6 3. g3 c6 4. Bg2 Bf5 5. Nbd2 e6 6. O-O h6 7. Ne5 Nbd7 8. Ndf3 Nxe5 9. Nxe5 Nd7 10. Nd3 Be7 11. Bf4 O-O 12. Qd2 Nf6 13. Ne5 Ne4 14. Qc1 Bd6 15. f3 Nf6 16. Qd2 Qe7 17. c3 Nd7 18. Nd3 e5 19. dxe5 Nxe5 20. Nxe5 Bxe5 21. Rae1 Rad8 22. Kh1 Rfe8 23. Be3 Bxg3 24. hxg3 Qxe3 25. Qxe3 Rxe3 26. Kg1 Rde8 27. Kf2 R3e7 28. e3 Bd3 29. Rh1 a5 30. a3 a4 31. Rh4 Bc4 32. f4 Bd3 33. Bf3 Be4 34. Bd1 b5 35. g4 f6 36. Rg1 Kf7 37. g5 hxg5 38. fxg5 Ke6 39. Bg4+ Kd6 40. gxf6 gxf6 41. Rh6 Rf8 42. Bh3 Kc5 43. Bf1 Rh7 44. Rxh7 Bxh7 45. Rg7 Be4 46. Kg3 Rh8 47. Rf7 Rh1 48. Kf2 Rh2+ 49. Kg3 Rxb2 50. Rxf6 Rb3 51. Kf4 Rxc3 52. Bh3 Rxa3 53. Bd7 Kb4 54. Rxc6 Rc3 55. Ra6 Rc5 56. Ke5 Bd3 57. Rb6 Bc4 58. Kd4 Rc7 59. Bf5 a3 60. Ra6 a2 61. Bc2 Rg7 62. Bf5 Rg5 63. Bc2 Rg4+ 0-1


[Site "https://www.chess.com"]

[Event "Titled Tuesday Blitz March 07 Early 2023"]
[White "Orzech, Dominik"]
[Black "Nan, M K Khine Hlyan"]
[WhiteFideId "1115065"]
[BlackFideId "13002899"]
[WhiteElo "2260"]
[BlackElo "1943"]
[Result "1-0"]
[Round "03"]
[TimeControl "180+2"]
[Date "2023.03.07"]
[WhiteClock "0:00:22"]
[BlackClock "0:00:11"]

1. Nf3 Nf6 2. c4 c5 3. g3 g6 4. Bg2 Bg7 5. O-O O-O 6. Nc3 Nc6 7. d4 cxd4 8. Nxd4 Nxd4 9. Qxd4 d6 10. Qd3 Rb8 11. Be3 b6 12. Nb5 a6 13. Na7 Bb7 14. Nc6 Bxc6 15. Bxc6 Nd7 16. Rab1 Ne5 17. Qe4 Qc7 18. Ba4 Qxc4 19. Qxc4 Nxc4 20. Bc1 b5 21. Bb3 d5 22. Rd1 e6 23. Bc2 b4 24. e4 dxe4 25. Bxe4 Rfd8 26. Bd3 Ne5 27. Be2 Rxd1+ 28. Bxd1 a5 29. Bf4 Rd8 30. Be2 Nc6 31. Bc7 Rd7 32. Bb6 Nd4 33. Bd1 Rd5 34. Kf1 Be5 35. Ba4 Nf3 36. Ke2 Nd2 37. Rd1 Rd6 38. Bc7 Rd5 39. Bxe5 Rxe5+ 40. Kxd2 Kg7 41. Kc2 Rf5 42. Rd2 Rc5+ 43. Kb3 Re5 44. Rc2 h5 45. h4 Kf6 46. Bc6 Kf5 47. Ka4 f6 48. Bb5 g5 49. hxg5 fxg5 50. Kxa5 h4 51. gxh4 gxh4 52. Kxb4 h3 53. Bc6 Kg4 54. a4 Rf5 55. a5 h2 56. a6 Rf8 57. a7 Rc8 58. a8=Q Rxa8 59. Bxa8 1-0


[Site "https://www.chess.com"]

[Event "Titled Tuesday Blitz March 07 Early 2023"]
[White "Balla, Tamas-Kristof"]
[Black "Yang,ching Wei, Austin"]
[WhiteFideId "1208497"]
[BlackFideId "16300440"]
[WhiteElo "2334"]
[BlackElo "2101"]
[Result "0-1"]
[Round "03"]
[TimeControl "180+2"]
[Date "2023.03.07"]
[WhiteClock "0:00:23"]
[BlackClock "0:00:16"]

1. e4 c5 2. Nf3 d6 3. d4 cxd4 4. Qxd4 Nc6 5. Qe3 Nf6 6. c4 g6 7. Nc3 Bg7 8. Be2 O-O 9. O-O a5 10. Rb1 a4 11. b3 axb3 12. axb3 Qa5 13. Bb2 Bg4 14. Nd5 Nxd5 15. exd5 Bxf3 16. Bxf3 Ne5 17. Be2 Rfe8 18. h4 h5 19. Bc3 Nf3+ 20. Bxf3 Qxc3 21. Qb6 Bf6 22. Qxb7 Rab8 23. Qd7 Red8 24. Qh3 Rxb3 25. Rbc1 Qb4 26. Qg3 Rc3 27. Qf4 Rc8 28. Rxc3 Qxc3 29. Rc1 Qe5 30. Qd2 Bxh4 31. g3 Bg5 32. Qc3 Bxc1 33. Qxc1 Kg7 34. Kg2 Qd4 35. Be2 Qe4+ 36. Bf3 Qxc4 37. Qa1+ Kg8 38. Qe1 Qc7 39. Qa1 Qd7 40. Qe1 Qf5 41. Qa5 Qf6 42. Qa6 Rc3 43. Qe2 Qxf3+ 44. Qxf3 Rxf3 45. Kxf3 Kg7 46. Kf4 Kf6 47. f3 g5+ 48. Ke4 h4 49. gxh4 gxh4 50. Kf4 h3 51. Kg3 Ke5 52. Kxh3 Kxd5 53. Kg4 Kd4 54. Kf4 e5+ 55. Kf5 Ke3 56. Kf6 Kxf3 57. Kxf7 d5 58. Ke6 e4 59. Kxd5 e3 60. Kd4 e2 61. Kc3 e1=Q+ 62. Kb2 Qe3 63. Kc2 Ke4 64. Kd1 Qf2 65. Kc1 Kd3 66. Kb1 Kc3 0-1


[Site "https://www.chess.com"]

[Event "Titled Tuesday Blitz March 07 Early 2023"]
[White "Hoffmann, Asa"]
[Black "EREBUNI91"]
[WhiteFideId "2001470"]
[WhiteElo "2117"]
[BlackElo "2723"]
[Result "0-1"]
[Round "03"]
[TimeControl "180+2"]
[Date "2023.03.07"]
[WhiteClock "0:00:07"]
[BlackClock "0:00:14"]

1. d4 Nf6 2. Bg5 e6 3. Nd2 d5 4. e3 Be7 5. Bd3 c5 6. c3 Nc6 7. f4 h6 8. Bh4 b6 9. Ngf3 Bb7 10. O-O O-O 11. Ne5 Nd7 12. Bxe7 Qxe7 13. Qf3 Rac8 14. Rae1 Ndxe5 15. fxe5 f5 16. exf6 Rxf6 17. Qg3 Rcf8 18. Rxf6 Rxf6 19. Rf1 e5 20. Rxf6 Qxf6 21. dxc5 bxc5 22. Qg6 e4 23. Qxf6 gxf6 24. Be2 Kf7 25. Nb3 c4 26. Nd4 Ne5 27. b3 Ba6 28. Kf2 cxb3 29. axb3 Bd3 30. Bxd3 Nxd3+ 31. Ke2 Kg6 32. b4 f5 33. Nb5 f4 34. Nxa7 Nc1+ 35. Kd1 Na2 36. exf4 Nxc3+ 37. Kd2 d4 38. Nc6 Nb5 39. g4 Kf6 40. h4 Ke6 41. g5 h5 42. g6 Kf6 43. f5 d3 44. Ne5 Nd6 45. Nxd3 exd3 46. Kxd3 Nxf5 47. b5 Kxg6 48. b6 Nd6 49. Kd4 Kf5 50. Kd5 Nb7 51. Kc6 Nd8+ 52. Kd7 Ne6 53. Kd6 Nd8 54. Kd7 Nb7 55. Kc7 Na5 56. Kd6 Nc4+ 57. Kc5 Nxb6 58. Kxb6 Kg4 0-1


[Site "https://www.chess.com"]

[Event "Titled Tuesday Blitz March 07 Early 2023"]
[White "Garcia Ramos, Daniel"]
[Black "Pein, Jonathan"]
[WhiteFideId "32010311"]
[BlackFideId "417092"]
[WhiteElo "2341"]
[BlackElo "2151"]
[Result "1-0"]
[Round "03"]
[TimeControl "180+2"]
[Date "2023.03.07"]
[WhiteClock "0:00:27"]
[BlackClock "0:00:08"]

1. e4 e6 2. d4 d5 3. Nc3 Bb4 4. e5 c5 5. a3 Bxc3+ 6. bxc3 Ne7 7. Qg4 Qa5 8. Bd2 Nbc6 9. Nf3 Ng6 10. h4 h5 11. Qg3 c4 12. Be2 Qa4 13. Bd1 Nce7 14. Ng5 Nf5 15. Qf3 Bd7 16. g3 a5 17. Qg2 Ra6 18. Bc1 Rb6 19. Qf3 Qc6 20. Qg2 Qa4 21. Qf3 Qc6 22. Kf1 Qc7 23. Qe2 Bb5 24. Kg2 Bc6 25. Qd2 a4 26. Nh3 Kd7 27. Qg5 Nxe5 28. dxe5 d4+ 29. f3 Qxe5 30. Qf4 Qd5 31. Ng5 f6 32. Ne4 Ke7 33. Qc7+ Kf8 34. Qxb6 dxc3 35. Qc5+ Kf7 36. Qxd5 exd5 37. Nxc3 d4 38. Ne4 Re8 39. Be2 Bxe4 40. Bxc4+ Kg6 41. fxe4 Rxe4 42. Bd3 1-0


[Site "https://www.chess.com"]

[Event "Titled Tuesday Blitz March 07 Early 2023"]
[White "Karthik Rajaa"]
[Black "Benaddi, Mouhcine"]
[WhiteFideId "25035215"]
[BlackFideId "9001050"]
[WhiteElo "2215"]
[BlackElo "2036"]
[Result "1-0"]
[Round "03"]
[TimeControl "180+2"]
[Date "2023.03.07"]
[WhiteClock "0:02:33"]
[BlackClock "0:00:21"]

1. Nf3 c6 2. e4 d5 3. Nc3 dxe4 4. Nxe4 Bg4 5. Bc4 e6 6. h3 Bxf3 7. Qxf3 Nd7 8. O-O Ne5 9. Qb3 Nxc4 10. Qxc4 Qd5 11. Qe2 Nf6 12. d3 Nxe4 13. dxe4 Qb5 14. c4 Qa6 15. Rd1 Be7 16. b3 O-O 17. Bb2 Rfd8 18. Qg4 Bf8 19. h4 Rxd1+ 20. Qxd1 Qxa2 21. Rxa2 1-0


[Site "https://www.chess.com"]

[Event "Titled Tuesday Blitz March 07 Early 2023"]
[White "Shubenkova, Veronika"]
[Black "Kumaran, B"]
[WhiteFideId "44124040"]
[BlackFideId "5038472"]
[WhiteElo "2027"]
[BlackElo "2198"]
[Result "1-0"]
[Round "03"]
[TimeControl "180+2"]
[Date "2023.03.07"]
[WhiteClock "0:00:19"]
[BlackClock "0:00:25"]

1. e4 c5 2. Nc3 Nc6 3. g3 g6 4. Bg2 Bg7 5. d3 e6 6. f4 Nge7 7. Nf3 O-O 8. O-O Nd4 9. Rb1 d5 10. e5 Nec6 11. Nxd4 Nxd4 12. Ne2 Nxe2+ 13. Qxe2 b5 14. Be3 Qc7 15. g4 f6 16. exf6 Bxf6 17. f5 Kg7 18. fxe6 Bxe6 19. Bh6+ Kxh6 20. Qxe6 Be5 21. Qxd5 Bxh2+ 22. Kh1 Rad8 23. Qe6 Bf4 24. Rf3 Rfe8 25. g5+ Bxg5 26. Qh3+ Kg7 27. Rbf1 Rf8 28. Qg4 Bf6 29. Rh3 Bxb2 30. Rg1 Bd4 31. Re1 Rf4 32. Qg5 Bf6 33. Qh6+ Kg8 34. Bd5+ Rxd5 35. Re8+ Kf7 36. Qf8# 1-0


[Site "https://www.chess.com"]

[Event "Titled Tuesday Blitz March 07 Early 2023"]
[White "Hernandez Gonzalez, William"]
[Black "Mayaud, Raphael"]
[WhiteFideId "3509915"]
[BlackFideId "627151"]
[WhiteElo "2374"]
[BlackElo "2191"]
[Result "1-0"]
[Round "03"]
[TimeControl "180+2"]
[Date "2023.03.07"]
[WhiteClock "0:01:47"]
[BlackClock "0:00:02"]

1. e4 d5 2. exd5 Qxd5 3. Nf3 Bg4 4. Be2 Nc6 5. O-O O-O-O 6. b3 e5 7. Bb2 e4 8. Nc3 exf3 9. gxf3 Qg5 10. fxg4 h5 11. Ne4 Qf4 12. f3 hxg4 13. Ng3 Bc5+ 14. Kg2 Nf6 15. fxg4 Rxh2+ 16. Kxh2 Rh8+ 17. Kg2 Qg5 18. Rf5 Qh4 19. Qh1 Nxg4 20. Bxg4 1-0


[Site "https://www.chess.com"]

[Event "Titled Tuesday Blitz March 07 Early 2023"]
[White "Girsh, Daniel"]
[Black "Sadubayev, Airat"]
[WhiteFideId "30949190"]
[BlackFideId "13713264"]
[WhiteElo "2075"]
[BlackElo "2129"]
[Result "1-0"]
[Round "03"]
[TimeControl "180+2"]
[Date "2023.03.07"]
[WhiteClock "0:00:29"]
[BlackClock "0:00:08"]

1. e4 c6 2. d4 d5 3. e5 Bf5 4. h3 e6 5. Ne2 c5 6. Ng3 Bg6 7. c3 Nc6 8. Bd3 cxd4 9. cxd4 Qb6 10. Bxg6 hxg6 11. Ne2 Nge7 12. g4 O-O-O 13. Nbc3 Kb8 14. Be3 f6 15. exf6 gxf6 16. Nf4 Na5 17. Na4 Qb4+ 18. Kf1 e5 19. Ne6 Rc8 20. Nac5 Bh6 21. Qe2 Bxe3 22. Qxe3 Nc4 23. Qc3 Qb5 24. Kg2 b6 25. Nb3 Qd7 26. dxe5 Qxe6 27. exf6 Nc6 28. Rae1 Qf7 29. g5 Rhe8 30. Nd4 Nxd4 31. Qxd4 Rxe1 32. Rxe1 Re8 33. Rxe8+ Qxe8 34. Qxd5 Ne5 35. Qd6+ Ka8 36. f4 Qc6+ 37. Qxc6+ Nxc6 38. f7 Ne7 39. f8=Q+ Kb7 40. Qxe7+ Ka6 41. Qf6 Kb5 42. Qxg6 Ka4 43. Qd3 Kb4 44. g6 Kc5 45. g7 Kc6 46. g8=Q Kc7 47. Qgd8+ Kc6 48. Q3d5# 1-0


[Site "https://www.chess.com"]

[Event "Titled Tuesday Blitz March 07 Early 2023"]
[White "Sarkar, Justin"]
[Black "Issani, Nameer"]
[WhiteFideId "2010011"]
[BlackFideId "2619130"]
[WhiteElo "2189"]
[BlackElo "2594"]
[Result "0-1"]
[Round "03"]
[TimeControl "180+2"]
[Date "2023.03.07"]
[WhiteClock "0:00:01"]
[BlackClock "0:01:55"]

1. d4 Nf6 2. c4 e6 3. Nc3 Bb4 4. e3 O-O 5. Bd3 d5 6. a3 Be7 7. Nf3 c5 8. dxc5 Bxc5 9. b4 Be7 10. cxd5 exd5 11. O-O Bg4 12. Bb2 a5 13. b5 Nbd7 14. Be2 Nb6 15. h3 Bh5 16. Na4 Bxf3 17. Bxf3 Nc4 18. Bd4 Ne4 19. Ra2 Rc8 20. Qd3 Ncd6 21. Nb6 Nc5 22. Bxc5 Rxc5 23. Nxd5 Nxb5 24. a4 Nd6 25. Nxe7+ Qxe7 26. Rd1 Nc4 27. Rc2 Ne5 0-1


[Site "https://www.chess.com"]

[Event "Titled Tuesday Blitz March 07 Early 2023"]
[White "Reprintsev, Alexander"]
[Black "Tarasova, Viktoriya"]
[WhiteFideId "14100541"]
[BlackFideId "4175840"]
[WhiteElo "2229"]
[BlackElo "2182"]
[Result "1/2-1/2"]
[Round "03"]
[TimeControl "180+2"]
[Date "2023.03.07"]
[WhiteClock "0:00:12"]
[BlackClock "0:00:11"]

1. e4 e5 2. Nf3 Nc6 3. Bc4 Bc5 4. b4 Bb6 5. a4 a6 6. Bb2 d6 7. b5 axb5 8. axb5 Rxa1 9. Bxa1 Na5 10. Ba2 Nf6 11. O-O O-O 12. d3 Be6 13. Bxe6 fxe6 14. Bc3 c6 15. bxc6 bxc6 16. Qd2 c5 17. Na3 Nh5 18. Rb1 Nc6 19. Nc4 Bc7 20. Qg5 Nf4 21. Qxd8 Rxd8 22. Kf1 Rb8 23. Rxb8+ Bxb8 24. g3 Ng6 25. Ng5 Nf8 26. f4 exf4 27. gxf4 d5 28. Nb6 Bxf4 29. Nxe6 Nxe6 30. exd5 Ned8 31. dxc6 Nxc6 32. h3 g6 33. Kg2 Kf7 34. Kf3 Bh2 35. Ke4 Ke6 36. Bd2 h5 37. Be3 Bd6 38. Na4 Nb4 39. c3 Nd5 40. Nxc5+ Bxc5 41. Bxc5 Nxc3+ 42. Kd4 Ne2+ 43. Kc4 g5 44. Be3 g4 45. hxg4 hxg4 46. d4 g3 47. d5+ Ke5 48. Ba7 g2 49. Bf2 g1=Q 50. Bxg1 Nxg1 51. d6 Kxd6 1/2-1/2


[Site "https://www.chess.com"]

[Event "Titled Tuesday Blitz March 07 Early 2023"]
[White "Kuzmin, Roman"]
[Black "Bogaudinov, Rushan"]
[WhiteFideId "44134932"]
[BlackFideId "4129288"]
[WhiteElo "2146"]
[BlackElo "1949"]
[Result "1-0"]
[Round "03"]
[TimeControl "180+2"]
[Date "2023.03.07"]
[WhiteClock "0:00:10"]
[BlackClock "0:00:04"]

1. e4 c5 2. Nf3 Nc6 3. d4 cxd4 4. Nxd4 a6 5. c4 Qc7 6. Nc3 e6 7. Be3 Nf6 8. a3 Be7 9. Be2 b6 10. Rc1 Bb7 11. f3 h5 12. Nd5 exd5 13. cxd5 Qe5 14. dxc6 dxc6 15. Nxc6 Bxc6 16. Rxc6 O-O 17. Qd4 Qxd4 18. Bxd4 b5 19. Kf2 Rfd8 20. Bb6 Rd2 21. Rb1 h4 22. Be3 Rd6 23. Rxd6 Bxd6 24. g3 hxg3+ 25. hxg3 Rc8 26. Rc1 Rxc1 27. Bxc1 Kf8 28. Bd3 Nd7 29. f4 Nc5 30. Bc2 f6 31. Be3 Ke7 32. Ke2 Ke6 33. Kf3 Nd7 34. Bb3+ Ke7 35. Bd4 Nc5 36. Bd5 Ne6 37. Bc3 Nc7 38. Bb7 Bc5 39. e5 Bb6 40. exf6+ gxf6 41. Ke4 a5 42. Kf5 Ne8 43. Bc6 Nd6+ 44. Kg6 Nc4 45. Bxf6+ Kd6 46. Bxb5 Ne3 47. Be5+ Kc5 48. Be2 Nd5 49. g4 Ne7+ 50. Kh5 Kd5 51. Bf3+ Ke6 52. Be4 Be3 53. g5 Nf5 54. Bxf5+ Kxf5 55. g6 Bc5 56. g7 a4 57. g8=Q Ke4 58. Qc4+ Kf5 59. Qxc5 Ke6 60. Qc4+ 1-0


[Site "https://www.chess.com"]

[Event "Titled Tuesday Blitz March 07 Early 2023"]
[White "Vifleemskaia, Svetlana"]
[Black "Principe, Gerson"]
[WhiteFideId "4129490"]
[BlackFideId "3804550"]
[WhiteElo "1930"]
[BlackElo "2229"]
[Result "1-0"]
[Round "03"]
[TimeControl "180+2"]
[Date "2023.03.07"]
[WhiteClock "0:00:37"]
[BlackClock "0:00:01"]

1. d4 Nf6 2. c4 e6 3. Nc3 Bb4 4. e3 O-O 5. Ne2 b6 6. a3 Bxc3+ 7. Nxc3 Bb7 8. Bd3 d5 9. O-O Nbd7 10. b4 c5 11. dxc5 bxc5 12. cxd5 exd5 13. Bb2 Qe7 14. bxc5 Nxc5 15. Nb5 Nce4 16. Qe2 Rfd8 17. a4 a6 18. Nd4 Nc5 19. Ba3 Rac8 20. a5 Qe5 21. Nf3 Qh5 22. Rab1 Nxd3 23. Qxd3 Bc6 24. Nd4 Bb5 25. Nxb5 axb5 26. Rxb5 Ng4 27. h3 Ne5 28. Qd1 Qf5 29. Bb2 Nc4 30. Qd4 Qd7 1-0


[Site "https://www.chess.com"]

[Event "Titled Tuesday Blitz March 07 Early 2023"]
[White "Rodriguez Fontecha, Marcos"]
[Black "Jiganchine, Roman"]
[WhiteFideId "2256576"]
[BlackFideId "2603667"]
[WhiteElo "2263"]
[BlackElo "2304"]
[Result "0-1"]
[Round "03"]
[TimeControl "180+2"]
[Date "2023.03.07"]
[WhiteClock "0:00:06"]
[BlackClock "0:00:05"]

1. e4 c6 2. d4 d5 3. Nc3 dxe4 4. Nxe4 Nf6 5. Nxf6+ exf6 6. c3 Bd6 7. Bd3 Na6 8. Qc2 h5 9. Ne2 Nc7 10. Bd2 Nd5 11. O-O-O b5 12. Ng3 Be6 13. Rde1 Kf8 14. Kb1 Qd7 15. Nf5 Nf4 16. Nxd6 Nxd3 17. Qxd3 Qxd6 18. h3 g6 19. g4 Qd5 20. Rxe6 Qxh1+ 21. Re1 Qd5 22. g5 fxg5 23. Re5 Qh1+ 24. Kc2 Re8 25. Qe3 Rxe5 26. Qxe5 Kg8 27. Bxg5 Qd5 28. Qe3 Qf5+ 29. Kb3 Kh7 30. Bf4 Qe6+ 31. Qxe6 fxe6 32. Kb4 Rf8 33. Bg3 Rf5 34. Ka5 g5 35. Ka6 h4 36. Be5 Rxf2 37. Kxa7 Rxb2 38. Kb6 Rc2 39. Kxc6 Rxc3+ 40. Kd6 Rxh3 41. Kxe6 Rd3 42. d5 g4 43. d6 g3 44. d7 g2 45. Bd6 g1=Q 46. d8=Q Qe3+ 47. Kf5 Qf3+ 48. Ke6 Re3+ 49. Kd7 Qb7+ 50. Bc7 Rd3+ 51. Ke7 Rxd8 0-1


[Site "https://www.chess.com"]

[Event "Titled Tuesday Blitz March 07 Early 2023"]
[White "Liu, Yi"]
[Black "Bove, Alessandro"]
[WhiteFideId "3210588"]
[BlackFideId "814121"]
[WhiteElo "2264"]
[BlackElo "2387"]
[Result "1-0"]
[Round "03"]
[TimeControl "180+2"]
[Date "2023.03.07"]
[WhiteClock "0:01:04"]
[BlackClock "0:01:39"]

1. e4 c5 2. Nf3 d6 3. d4 cxd4 4. Nxd4 Nf6 5. Nc3 g6 6. Be3 Bg7 7. f3 O-O 8. Qd2 Nc6 9. O-O-O Bd7 10. g4 Qa5 11. Nb3 Qc7 12. h4 a5 13. h5 a4 14. Nd4 a3 15. b3 Ne5 16. hxg6 fxg6 17. Be2 b5 18. Ncxb5 Bxb5 19. Nxb5 Qb7 20. Bh6 Bxh6 21. Qxh6 Nxf3 22. Bxf3 Qxb5 23. g5 Qe5 24. gxf6 Qb2+ 25. Kd2 Qd4+ 26. Ke2 1-0


[Site "https://www.chess.com"]

[Event "Titled Tuesday Blitz March 07 Early 2023"]
[White "Hebden, Mark L"]
[Black "Zampronha, Wladimir Camilo"]
[WhiteFideId "400084"]
[BlackFideId "2103087"]
[WhiteElo "2436"]
[BlackElo "2176"]
[Result "1-0"]
[Round "03"]
[TimeControl "180+2"]
[Date "2023.03.07"]
[WhiteClock "0:01:28"]
[BlackClock "0:00:04"]

1. d4 Nf6 2. Nf3 e6 3. c3 b6 4. Bg5 Bb7 5. Nbd2 h6 6. Bxf6 Qxf6 7. e4 Qe7 8. Bd3 g6 9. Qe2 Bg7 10. a4 Nc6 11. Ba6 Bxa6 12. Qxa6 O-O 13. O-O Qd8 14. b4 Qc8 15. Qd3 a5 16. b5 Ne7 17. Rac1 Qb7 18. c4 c6 19. e5 cxb5 20. axb5 Rad8 21. Ne4 Nc8 22. c5 bxc5 23. dxc5 Ne7 24. Rfd1 Nd5 25. Nc3 Nxc3 26. Rxc3 Rb8 27. Rb1 f5 28. h4 Rfd8 29. Rc4 Bf8 30. g4 Kf7 31. h5 fxg4 32. Qxg6+ Ke7 33. Qf6+ Ke8 34. Rxg4 a4 35. Rg8 1-0


[Site "https://www.chess.com"]

[Event "Titled Tuesday Blitz March 07 Early 2023"]
[White "Bruned, Yvain"]
[Black "Qashashvili, Alexandre"]
[WhiteFideId "2250292"]
[BlackFideId "13600842"]
[WhiteElo "2183"]
[BlackElo "2405"]
[Result "1-0"]
[Round "03"]
[TimeControl "180+2"]
[Date "2023.03.07"]
[WhiteClock "0:01:11"]
[BlackClock "0:00:17"]

1. b3 c6 2. Bb2 d5 3. e3 Nf6 4. Nf3 Bf5 5. d4 e6 6. Be2 h6 7. O-O Bd6 8. c4 Nbd7 9. Ba3 Bxa3 10. Nxa3 O-O 11. Nb1 Ne4 12. Nfd2 Ndf6 13. Nxe4 Nxe4 14. Qc1 Qf6 15. Nd2 Rac8 16. Nxe4 Bxe4 17. c5 e5 18. Qd2 exd4 19. exd4 Rfe8 20. Rfe1 Rc7 21. Bf1 Rce7 22. b4 a6 23. a4 h5 24. h3 g6 25. Re3 Bf5 26. Rae1 Rxe3 27. Rxe3 Rxe3 28. Qxe3 Qe6 29. Qxe6 Bxe6 30. h4 f6 31. Bd3 Kg7 32. g3 g5 33. Kg2 Kh6 34. f4 Bg4 35. Kf2 Bd1 36. Bf5 Bxa4 37. Bc8 Bb5 38. Bxb7 Kg6 39. Bc8 g4 40. Bd7 f5 41. Ke3 Ba4 42. Bc8 Bb5 43. Bd7 Ba4 44. Kd2 Bb5 45. Be8+ Kh6 46. Kc3 Ba4 47. Kb2 Bb5 48. Ka3 Kg7 49. Bxh5 Kf6 50. Be8 Ke7 51. Bg6 Kf6 52. h5 Bd3 53. Ka4 Bb5+ 54. Ka5 Ke6 55. Kb6 Kf6 56. Kc7 Ke6 57. Be8 Bc4 58. Bxc6 Kf6 59. Kd6 Kg7 60. Bxd5 Kh6 61. Bxc4 Kxh5 62. Bxa6 1-0


[Site "https://www.chess.com"]

[Event "Titled Tuesday Blitz March 07 Early 2023"]
[White "Fiedorek, Michal"]
[Black "Theytookourjobs"]
[WhiteFideId "1199528"]
[WhiteElo "2135"]
[BlackElo "2255"]
[Result "1-0"]
[Round "03"]
[TimeControl "180+2"]
[Date "2023.03.07"]
[WhiteClock "0:02:17"]
[BlackClock "0:01:18"]

1. c4 e5 2. Nc3 f5 3. g3 Nf6 4. Bg2 d6 5. Nf3 Be7 6. d3 O-O 7. O-O c6 8. Rb1 a5 9. a3 Na6 10. b4 axb4 11. axb4 c5 12. b5 Nb4 13. Bd2 e4 14. dxe4 fxe4 15. Ng5 Be6 16. Nxe6 1-0


[Site "https://www.chess.com"]

[Event "Titled Tuesday Blitz March 07 Early 2023"]
[White "Grabinsky, Vladimir"]
[Black "Dinu, Dumitru-Daniel"]
[WhiteFideId "14107074"]
[BlackFideId "1208403"]
[WhiteElo "2027"]
[BlackElo "2240"]
[Result "0-1"]
[Round "03"]
[TimeControl "180+2"]
[Date "2023.03.07"]
[WhiteClock "0:00:14"]
[BlackClock "0:01:09"]

1. e4 c6 2. d4 d5 3. e5 Bf5 4. Nf3 e6 5. Be2 c5 6. Be3 cxd4 7. Nxd4 Ne7 8. c4 Nbc6 9. cxd5 Qxd5 10. Nc3 Qxe5 11. O-O Rd8 12. Ncb5 a6 13. Nf3 Rxd1 14. Nxe5 Rxf1+ 15. Kxf1 axb5 16. Bxb5 f6 17. Nc4 Nd5 18. Na5 Nxe3+ 19. fxe3 Be4 20. Rc1 Kf7 21. Nxb7 Ne5 22. Rc7+ Kg6 23. Be8+ Kh6 0-1


[Site "https://www.chess.com"]

[Event "Titled Tuesday Blitz March 07 Early 2023"]
[White "Nur-Mukhametova, Alisa"]
[Black "Baruch, Liam"]
[WhiteFideId "54117739"]
[BlackFideId "14322064"]
[WhiteElo "1903"]
[BlackElo "2068"]
[Result "1-0"]
[Round "03"]
[TimeControl "180+2"]
[Date "2023.03.07"]
[WhiteClock "0:00:24"]
[BlackClock "0:00:08"]

1. Nf3 d5 2. c4 e6 3. g3 Nf6 4. Bg2 Be7 5. O-O O-O 6. b3 c5 7. Bb2 d4 8. e3 Nc6 9. exd4 cxd4 10. Re1 Bc5 11. d3 Re8 12. Ne5 Qd6 13. Nxc6 bxc6 14. a3 a5 15. b4 axb4 16. axb4 Rxa1 17. bxc5 Rxb1 18. cxd6 Rxd1 19. Rxd1 c5 20. Ba3 Nd7 21. Rb1 f6 22. Bc6 Rd8 23. Rb5 Ba6 24. Ra5 Nb8 25. Bf3 Rxd6 26. Bxc5 Rd8 27. Ra4 Kf7 28. Ba7 Bxc4 29. Rxc4 Nd7 30. Rxd4 Ke7 31. Bc6 e5 32. Rxd7+ Rxd7 33. Bxd7 Kxd7 34. Kf1 Kc6 35. Ke2 g6 36. h4 f5 37. Be3 h5 38. Bc1 Kd5 39. Bb2 Ke6 40. Ke3 Kd5 41. f3 Ke6 42. d4 exd4+ 43. Bxd4 Kd5 44. Bc3 Kc4 45. Ba1 Kd5 46. Kf4 Ke6 47. Kg5 Kf7 48. Bb2 f4 49. gxf4 Kg8 50. Kxg6 Kf8 51. Kxh5 Kg8 52. Kg6 Kf8 53. h5 Kg8 54. h6 Kf8 55. h7 1-0


[Site "https://www.chess.com"]

[Event "Titled Tuesday Blitz March 07 Early 2023"]
[White "Ruge, Edison"]
[Black "Molina, Roberto Junio Brito"]
[WhiteFideId "4401000"]
[BlackFideId "2109450"]
[WhiteElo "2175"]
[BlackElo "2376"]
[Result "1-0"]
[Round "03"]
[TimeControl "180+2"]
[Date "2023.03.07"]
[WhiteClock "0:00:08"]
[BlackClock "0:00:47"]

1. e4 c6 2. d3 d5 3. Nd2 g6 4. Ngf3 Bg7 5. g3 e5 6. Bg2 Ne7 7. h4 Bg4 8. h5 Bxh5 9. Rxh5 gxh5 10. Nh4 Ng6 11. Nf5 Bf6 12. Qxh5 d4 13. Nf3 Na6 14. Bd2 Nc5 15. Bb4 b6 16. Bh3 a5 17. Bxc5 bxc5 18. Nh6 Qe7 19. a4 Rb8 20. b3 c4 21. dxc4 Kd8 22. Kf1 Kc7 23. Ne1 Qf8 24. Nd3 c5 25. Ng4 Qe7 26. Qf5 Bg7 27. Nh2 Rb6 28. Nf3 Rf6 29. Qh5 Rc6 30. Rd1 f6 31. Nh2 Kb6 32. Qf5 Rc7 33. Qh5 Qf7 34. Qf3 Nf8 35. Kg2 Ne6 36. Qg4 Nd8 37. f4 Nc6 38. fxe5 Nxe5 39. Nxe5 fxe5 40. Rf1 Qg6 41. Qh4 Rf8 42. Rxf8 Bxf8 43. Bf5 Qh6 44. Qd8 Qd6 45. Qb8+ Rb7 46. Qa8 Qb8 47. Qxb8 Rxb8 48. Nf3 Bd6 49. Bxh7 Kc7 50. Bf5 Kd8 51. g4 Ke7 52. g5 Kf7 53. Kg3 Rh8 54. Nh4 Kg7 55. Kg4 Bc7 56. Be6 Rf8 57. Nf5+ Kg6 58. Nh4+ Kg7 59. Nf5+ Kh7 60. Kh5 Re8 61. g6+ Kh8 62. g7+ Kh7 63. Bf7 Rb8 64. Bg6+ Kg8 65. Kh6 Bd8 66. Bh7+ 1-0


[Site "https://www.chess.com"]